[Event "Team 45 45 League T58"]
[Site "Internet Chess Club"]
[Date "2013.08.31"]
[Round "2"]
[White "MeWantCookie"]
[Black "fledermaus"]
[Result "1-0"]
[WhiteElo "1999"]
[BlackElo "1948"]
[Opening "Caro-Kann: two knights, 3...Bg4"]
[ECO "B10"]
[Time "11:16:20"]
[TimeControl "2700+45"]

1. e4 c6 2. Nf3 d5 3. Nc3 Bg4 4. h3 Bh5 5. exd5 cxd5 6. g4 Bg6 7. Bb5+ Nc6 8.
Ne5 Qd6 9. d4 f6 10. Nxg6 hxg6 11. Qd3 O-O-O 12. Be3 g5 13. O-O-O e6 14. Kb1 Qc7
15. Bc1 a6 16. Ba4 b5 17. Bb3 Na5 18. Rhe1 Qf7 19. a4 Nxb3 20. cxb3 Bb4 21. axb5
axb5 22. Qxb5 Bxc3 23. Re3 Rd7 24. Rxc3+ Rc7 25. Qa6+ Kb8 26. Qb6+ Rb7 27. Qd8+
Ka7 28. Rc8 Ka6 29. Ra8+ Kb5 30. Ra5+ {Black resigns} 1-0

[Event "Team 45 45 League T58"]
[Site "Internet Chess Club"]
[Date "2013.09.01"]
[Round "2"]
[White "Deckfuel"]
[Black "BigH"]
[Result "0-1"]
[WhiteElo "1985"]
[BlackElo "2141"]
[Opening "Robatsch defense"]
[ECO "B06"]
[Time "12:04:15"]
[TimeControl "2700+45"]

1. e4 g6 2. d4 Bg7 3. Nc3 a6 4. Be3 d6 5. Nf3 b5 6. Bd3 Nd7 7. a4 b4 8. Nd5 c5
9. c3 Bb7 10. cxb4 Bxd5 11. exd5 cxb4 12. a5 Ngf6 13. Qb3 O-O 14. O-O Qb8 15.
Rfc1 Qb7 16. Rc6 Nb8 17. Rb6 Qxd5 18. Bc4 Qh5 19. Qxb4 Nd5 20. Bxd5 Qxd5 21. Rc1
Nd7 22. Rb7 Rab8 23. Rcc7 Rxb7 24. Rxb7 Qf5 25. h3 Nf6 26. Qb6 Qd3 27. Ra7 Nd5
28. Qxa6 Qb1+ 29. Kh2 Qxb2 30. Qc6 Nxe3 31. fxe3 Bh6 32. Rxe7 Qa3 33. a6 Bxe3
34. Qe4 Bh6 35. a7 d5 36. Qe2 Bf4+ 37. g3 Bd6 38. Rd7 Ra8 39. Kh1 Bf8 40. Ne5
Rxa7 41. Rxa7 Qxa7 42. Qf3 Qb7 43. Qf6 Qe7 44. Qf3 Qe6 45. Kh2 Bd6 46. Ng4 h5
47. Nf6+ Kg7 48. Nxd5 h4 49. Nf4 hxg3+ 50. Qxg3 Qa2+ 51. Kg1 Qb1+ 52. Kf2 Qc2+
53. Kf3 Qc3+ 54. Kg4 f5+ 55. Kh4 Be7+ 56. Qg5 Qe1# {White checkmated} 0-1

[Event "Team 45 45 League T58"]
[Site "Internet Chess Club"]
[Date "2013.09.03"]
[Round "2"]
[White "TerryMalloy"]
[Black "fishhead"]
[Result "0-1"]
[WhiteElo "2013"]
[BlackElo "1813"]
[Opening "Catalan: closed"]
[ECO "E01"]
[Time "15:09:53"]
[TimeControl "2700+45"]

1. d4 Nf6 2. c4 e6 3. g3 d5 4. Bg2 Bb4+ 5. Nd2 O-O 6. Nf3 c5 7. Qc2 Nc6 8. dxc5
Qa5 9. O-O Qxc5 10. a3 Bxd2 11. Bxd2 Qxc4 12. Qxc4 dxc4 13. Rac1 Bd7 14. Rxc4
Rfc8 15. Rfc1 h6 16. Kf1 Ne8 17. Ke1 Nd6 18. R4c2 f6 19. Be3 Nf5 20. Bd2 e5 21.
Bh3 Nce7 22. e4 Rxc2 23. Rxc2 Nd4 24. Nxd4 Bxh3 25. Nb5 Nc6 26. f3 a6 27. Nc7
Rd8 28. Nd5 Nd4 29. Rc3 f5 30. exf5 Rxd5 {White resigns} 0-1

[Event "Team 45 45 League T58"]
[Site "Internet Chess Club"]
[Date "2013.09.02"]
[Round "2"]
[White "latayvia"]
[Black "Grebochess"]
[Result "1-0"]
[WhiteElo "1732"]
[BlackElo "1669"]
[Opening "French: Rubinstein variation"]
[ECO "C10"]
[Time "09:01:00"]
[TimeControl "2700+45"]

1. d4 e6 2. e4 d5 3. Nc3 dxe4 4. Nxe4 Nd7 5. Nf3 b6 6. Bb5 Bb7 7. Qe2 a6 8. Ba4
b5 9. Bb3 Ngf6 10. Neg5 Bd5 11. Nxf7 Kxf7 12. Ng5+ Ke8 13. Bxd5 Nxd5 14. O-O Qf6
15. Nxe6 Kf7 16. Re1 Kg8 17. Bg5 Qf7 18. Nd8 Qg6 19. h4 h6 20. h5 Qxg5 21. Qe6+
Kh7 22. Nf7 Qxh5 23. Qxd7 Nf6 24. Qxc7 Ng4 25. f3 Nf6 26. Re5 Qh4 27. c3 Nh5 28.
Rae1 Rg8 29. Re6 Qg3 30. Rxh6+ gxh6 31. Ng5+ Kh8 32. Qh7# {Black checkmated} 1-0

[Event "Team 45 45 League T58"]
[Site "Internet Chess Club"]
[Date "2013.09.02"]
[Round "2"]
[White "CaoCao"]
[Black "bat30"]
[Result "0-1"]
[WhiteElo "1842"]
[BlackElo "1916"]
[Opening "King's gambit"]
[ECO "C30"]
[Time "22:02:23"]
[TimeControl "2700+45"]

1. e4 e5 2. f4 d6 3. Nf3 Nc6 4. Bb5 Ne7 5. Nc3 a6 6. Ba4 b5 7. Bb3 exf4 8. d4
Ng6 9. Nd5 Na5 10. Nxf4 Nxf4 11. Bxf4 Be7 12. O-O O-O 13. Qd2 Nxb3 14. axb3 Bb7
15. Rae1 Re8 16. e5 dxe5 17. Bxe5 f6 18. Bg3 c5 19. Bf2 Bxf3 20. gxf3 cxd4 21.
Bxd4 Qd5 22. Qf2 Rad8 23. Rd1 Bf8 24. Kh1 Qf7 25. Bc5 Bxc5 26. Qxc5 Qe6 27. Rde1
Qd7 28. Qc3 Rxe1 29. Rxe1 Rc8 30. Qd3 Qxd3 31. cxd3 Rc2 32. Ra1 Rxb2 33. Rxa6
Rxb3 34. Rd6 Rb2 35. Rb6 Kf7 36. d4 h5 37. Rb7+ Kg6 38. d5 f5 39. d6 Kf6 40. d7
Ke7 41. d8=Q+ Kxd8 42. Rxg7 b4 43. Rb7 b3 44. Kg1 Kc8 45. Rb4 Kc7 46. Kf1 Kc6
47. Ke1 Kc5 48. Rb8 Kc4 {White resigns} 0-1

[Event "Team 45 45 League T58"]
[Site "Internet Chess Club"]
[Date "2013.08.31"]
[Round "2"]
[White "HumanTornado"]
[Black "RamRock"]
[Result "1/2-1/2"]
[WhiteElo "2011"]
[BlackElo "1867"]
[Opening "Réti v Dutch"]
[ECO "A04"]
[Time "11:34:18"]
[TimeControl "2700+45"]

1. Nf3 f5 2. d4 Nf6 3. Bg5 e6 4. Nbd2 Be7 5. e3 d6 6. c4 O-O 7. Qc2 Nc6 8. a3
Qe8 9. b4 Qg6 10. Bh4 Bd7 11. Bg3 Rae8 12. Be2 Ng4 13. b5 Nd8 14. O-O Nf7 15. a4
e5 16. dxe5 Nfxe5 17. c5 Bf6 18. Rad1 d5 19. h3 Nxe3 20. Nxe5 Bxe5 21. fxe3 Qxg3
22. Nf3 f4 23. Rxd5 Bxh3 24. Bc4 Kh8 25. Nxe5 Bf5 26. Qf2 Qxf2+ 27. Rxf2 fxe3
28. Re2 Be6 29. Rxe3 Bxd5 30. Bxd5 g6 31. Nf7+ Kg7 32. Rxe8 Rxe8 33. Ng5 {Game
drawn by mutual agreement} 1/2-1/2

[Event "Team 45 45 League T58"]
[Site "Internet Chess Club"]
[Date "2013.08.31"]
[Round "2"]
[White "hewdondada"]
[Black "Zugzwanged"]
[Result "0-1"]
[WhiteElo "1734"]
[BlackElo "1754"]
[Opening "Trompowsky attack (Ruth, Opocenský opening)"]
[ECO "A45"]
[Time "10:01:40"]
[TimeControl "2700+45"]

1. d4 Nf6 2. Bg5 d5 3. Bxf6 exf6 4. c4 Bb4+ 5. Nc3 O-O 6. e3 Re8 7. Bd3 dxc4 8.
Bxc4 Nc6 9. Ne2 Bg4 10. O-O Qd7 11. Qb3 Bxc3 12. Qxc3 Rad8 13. Nf4 Ne7 14. Qb3
Nc6 15. Qc3 Ne7 16. Rac1 g5 17. f3 Bf5 18. Nh5 Qd6 19. e4 Bg6 20. e5 fxe5 21.
dxe5 Qb6+ 22. Kh1 Bxh5 23. e6 Qd4 24. exf7+ Bxf7 25. Bxf7+ Kxf7 26. Qxc7 Rd7 27.
Qc2 Qd3 28. Qa4 Qd4 29. Qb3+ Qd5 30. Qa4 Nc6 31. f4 Kg7 32. fxg5 Re2 33. Qg4
Rde7 34. Rcd1 Qxd1 {White resigns} 0-1

[Event "Team 45 45 League T58"]
[Site "Internet Chess Club"]
[Date "2013.08.31"]
[Round "2"]
[White "craftsman49868"]
[Black "kidcobra"]
[Result "0-1"]
[WhiteElo "1616"]
[BlackElo "1798"]
[Opening "English: Anglo-Dutch defense"]
[ECO "A10"]
[Time "12:53:17"]
[TimeControl "2700+45"]

1. c4 f5 2. g3 Nf6 3. Bg2 e6 4. Nf3 Be7 5. O-O O-O 6. Nc3 Nc6 7. d3 d5 8. cxd5
exd5 9. e3 Bb4 10. a3 Bd6 11. Qe2 Re8 12. Qc2 Be6 13. Ng5 Qd7 14. Nxe6 Qxe6 15.
d4 Ne4 16. Qb3 Ne7 17. Ne2 b6 18. Nf4 Bxf4 19. exf4 Nc6 20. Be3 Na5 21. Qc2 Nc4
22. Rfe1 Nxe3 23. Rxe3 Qf7 24. Rae1 Nd6 25. Qc6 Ne4 26. Qc2 Rac8 27. f3 Nd6 28.
Rxe8+ Rxe8 29. Rxe8+ Qxe8 30. Kf2 Nc4 31. Qc3 Qe7 32. Bf1 b5 33. b4 a6 34. Bxc4
bxc4 35. a4 c6 36. h3 Kf7 37. Qc2 g6 38. Qb2 h6 39. Qc3 h5 40. h4 Qd6 41. Qd2
Kf6 42. Qe1 Qe7 43. Qe5+ Kf7 44. Ke3 Qxb4 45. Qc7+ Qe7+ 46. Qxe7+ Kxe7 47. Kd2
Kd6 48. Kc3 c5 49. a5 Kc6 50. g4 Kd6 51. gxf5 gxf5 52. dxc5+ Kxc5 {White
resigns} 0-1

[Event "Team 45 45 League T58"]
[Site "Internet Chess Club"]
[Date "2013.09.01"]
[Round "2"]
[White "alexping"]
[Black "thecube"]
[Result "0-1"]
[WhiteElo "1795"]
[BlackElo "1807"]
[Opening "Grünfeld: modern exchange variation"]
[ECO "D90"]
[Time "11:30:38"]
[TimeControl "2700+45"]

1. d4 Nf6 2. c4 g6 3. Nf3 Bg7 4. Nc3 d5 5. cxd5 Nxd5 6. e4 Nxc3 7. bxc3 c5 8.
Bb5+ Nc6 9. Be3 Qa5 10. Qd3 O-O 11. O-O Rd8 12. Bc4 Bg4 13. Ng5 Ne5 14. Bxf7+
Nxf7 15. Qc4 Rf8 16. Rab1 Rac8 17. dxc5 Qxc3 18. Qxc3 Bxc3 19. Rxb7 Nxg5 20.
Bxg5 Rxc5 21. Bxe7 Rf7 22. h3 Bc8 23. Rxa7 Rc4 24. Rd1 Bb4 25. Rd8+ Kg7 26. Ra8
Bxe7 27. Rdxc8 Rxe4 28. Rc2 Re1+ 29. Kh2 Rf1 30. Ra7 Bd6+ {White resigns} 0-1

[Event "Team 45 45 League T58"]
[Site "Internet Chess Club"]
[Date "2013.09.02"]
[Round "2"]
[White "pishd"]
[Black "qs16"]
[Result "1-0"]
[WhiteElo "1731"]
[BlackElo "1693"]
[Opening "Queen's pawn game"]
[ECO "A46"]
[Time "05:06:58"]
[TimeControl "2700+45"]

1. d4 Nf6 2. Nf3 e6 3. c3 b6 4. Bg5 Be7 5. Nbd2 Bb7 6. Qc2 c5 7. e4 d5 8. Bb5+
Nfd7 9. Bf4 h6 10. Bxb8 Rxb8 11. Ne5 Bc8 12. Nc6 Qc7 13. Nxb8 Qxb8 14. Qa4 Qc7
15. exd5 exd5 16. O-O O-O 17. Rfe1 Bg5 18. Nf3 Bf6 19. Bc6 Qd6 20. dxc5 Nxc5 21.
Qb5 Ba6 22. Qb4 Qxc6 23. Nd4 Bxd4 24. Qxd4 Ne6 25. Qe5 Bb7 26. Re3 d4 27. Rg3
dxc3 28. bxc3 Rd8 29. h4 Rd3 30. Rc1 Rxg3 31. Qxg3 Qe4 32. Rd1 Nf4 33. f3 Qe3+
34. Kh2 Bd5 35. Rd4 Ne2 36. Qb8+ Kh7 37. Rxd5 Qg1+ 38. Kh3 Nf4+ 39. Qxf4 Qh1+
40. Kg3 Qe1+ 41. Kh2 Qxc3 {Black resigns} 1-0

[Event "Team 45 45 League T58"]
[Site "Internet Chess Club"]
[Date "2013.08.28"]
[Round "2"]
[White "misuc56"]
[Black "FourKnights"]
[Result "1/2-1/2"]
[WhiteElo "1838"]
[BlackElo "1808"]
[Opening "Nimzo-Indian: 4.e3 O-O"]
[ECO "E46"]
[Time "16:01:52"]
[TimeControl "2700+45"]

1. d4 Nf6 2. c4 e6 3. Nc3 Bb4 4. e3 O-O 5. Bd2 d5 6. Nf3 c5 7. cxd5 cxd4 8. Nxd4
Nxd5 9. Nxd5 Bxd2+ 10. Qxd2 Qxd5 11. Nf3 Qxd2+ 12. Nxd2 Bd7 13. Be2 Bc6 14. Bf3
Bxf3 15. Nxf3 Nc6 16. O-O Rfd8 17. Rfd1 Kf8 18. a3 Rxd1+ 19. Rxd1 Rd8 20. Rxd8+
Nxd8 21. Kf1 Ke7 22. Ke2 Nc6 23. Kd3 f6 24. b4 a6 25. Kc4 Kd6 26. b5 Ne7 27.
bxa6 bxa6 28. e4 e5 29. Nd2 Nc6 30. Nb3 g6 31. g3 h6 32. h4 Nb8 33. Nc5 Kc6 34.
f4 exf4 35. gxf4 g5 36. fxg5 fxg5 37. hxg5 hxg5 38. Ne6 g4 39. e5 Nd7 40. Nd4+
Kb6 41. e6 Nf6 42. Nf5 Kc6 43. Kd4 g3 44. Nxg3 Kd6 45. e7 Kxe7 46. Kc5 Nd7+ 47.
Kc6 Ne5+ 48. Kb7 Nc4 49. a4 Nb2 {Game drawn by mutual agreement} 1/2-1/2

[Event "Team 45 45 League T58"]
[Site "Internet Chess Club"]
[Date "2013.08.31"]
[Round "2"]
[White "pcvan"]
[Black "dknight"]
[Result "1/2-1/2"]
[WhiteElo "1513"]
[BlackElo "1323"]
[Opening "King's Indian: 5.Nf3"]
[ECO "E90"]
[Time "16:00:50"]
[TimeControl "2700+45"]

1. d4 Nf6 2. c4 g6 3. e4 d6 4. Nc3 Bg7 5. Nf3 Bg4 6. Be2 Nbd7 7. O-O O-O 8. h3
Bxf3 9. Bxf3 e5 10. d5 Nb6 11. Qe2 Re8 12. Be3 Nbd7 13. b4 c5 14. bxc5 Nxc5 15.
Bxc5 dxc5 16. a4 Rc8 17. Rfb1 b6 18. Nb5 a6 19. Na7 Ra8 20. Nc6 Qc7 21. Ra3 Nd7
22. Bg4 Nb8 23. Nxb8 Raxb8 24. Qe3 Qe7 25. Rab3 h5 26. Be2 Rec8 27. Rxb6 Qa7 28.
Qb3 Rxb6 29. Qxb6 Qa8 30. Qb7 Qxb7 31. Rxb7 Bh6 32. Ra7 Rb8 33. f3 Be3+ 34. Kh2
Rb2 {Game drawn by mutual agreement} 1/2-1/2

[Event "Team 45 45 League T58"]
[Site "Internet Chess Club"]
[Date "2013.08.31"]
[Round "2"]
[White "tornado100"]
[Black "Merlin43"]
[Result "0-1"]
[WhiteElo "1412"]
[BlackElo "1376"]
[Opening "Caro-Kann: exchange variation"]
[ECO "B13"]
[Time "10:30:06"]
[TimeControl "2700+45"]

1. e4 c6 2. d4 d5 3. exd5 cxd5 4. Bd3 Nc6 5. c3 Nf6 6. Nf3 Bg4 7. h3 Bh5 8. Bf4
e6 9. Nbd2 Bd6 10. Bxd6 Qxd6 11. Qc2 O-O 12. O-O Rac8 13. Rfe1 Nb4 14. Qb1 Nxd3
15. Qxd3 Qb6 16. b4 Bg6 17. Qe3 Qc6 18. Rac1 Qa6 19. Ra1 Qa3 20. Rec1 Rc7 21.
Ne5 Rfc8 22. Nb3 Ne4 23. Nc5 b6 24. f3 bxc5 25. fxe4 cxd4 26. Qxd4 Bxe4 27. Nd3
Rxc3 28. Rxc3 Rxc3 29. Nc5 Qb2 30. Nxe4 Qxa1+ 31. Kh2 Rxh3+ 32. Kxh3 Qxd4 33.
Ng3 g5 34. Kh2 Qh4+ 35. Kg1 Qxg3 36. a3 d4 37. Kf1 d3 38. b5 d2 39. Ke2 Qe1+ 40.
Kd3 d1=Q+ 41. Kc4 Qd5# {White checkmated} 0-1

[Event "Team 45 45 League T58"]
[Site "Internet Chess Club"]
[Date "2013.09.01"]
[Round "2"]
[White "Visin"]
[Black "Bizzy-Ketty"]
[Result "1-0"]
[WhiteElo "1305"]
[BlackElo "1387"]
[Opening "English: Bremen, reverse dragon"]
[ECO "A22"]
[Time "10:41:05"]
[TimeControl "2700+45"]

1. c4 e5 2. Nc3 Nf6 3. g3 d5 4. b3 Nc6 5. Bg2 Be6 6. e3 dxc4 7. bxc4 Bxc4 8.
Nge2 Bb4 9. O-O O-O 10. Bxc6 bxc6 11. Qa4 c5 12. Rd1 Qc8 13. f3 Bxc3 14. Nxc3
Be6 15. Rb1 Bf5 16. e4 Bd7 17. Qc4 Rb8 18. Rxb8 Qxb8 19. Qxc5 Bh3 20. Qxe5 Qb6+
21. d4 Re8 22. Qc5 Qb7 23. Qb5 Rb8 24. Qxb7 Rxb7 25. Ba3 Rb6 26. Rb1 Rxb1+ 27.
Nxb1 h6 28. Nc3 a6 29. Kf2 Kh7 30. e5 Nd7 31. f4 Kg6 32. d5 Kf5 33. Ke3 f6 34.
e6 Nb6 35. e7 Nc4+ 36. Kd4 Nd6 37. Bxd6 cxd6 38. e8=Q Bg2 39. Qd7+ Kg6 40. Qxd6
Bf1 41. g4 h5 42. gxh5+ Kxh5 43. Qb6 Kg6 44. d6 Kf7 45. d7 Kg6 46. d8=Q Kf5 47.
Qd5+ Kg4 48. Qbe6+ Kh4 49. Qf3 Bg2 50. Qeg4# {Black checkmated} 1-0

[Event "Team 45 45 League T58"]
[Site "Internet Chess Club"]
[Date "2013.09.01"]
[Round "2"]
[White "Check101"]
[Black "supermessi"]
[Result "0-1"]
[WhiteElo "1526"]
[BlackElo "1553"]
[Opening "Sicilian"]
[ECO "B50"]
[Time "15:41:04"]
[TimeControl "2700+45"]

1. e4 c5 2. Nf3 d6 3. c3 Nc6 4. d4 cxd4 5. cxd4 e6 6. Nc3 Nf6 7. Be2 Qa5 8. O-O
Be7 9. h4 O-O 10. Bg5 h6 11. Be3 Bd8 12. Rc1 d5 13. e5 Nd7 14. a3 a6 15. Qc2 Re8
16. Bd3 Ne7 17. g4 f6 18. exf6 Nxf6 19. g5 hxg5 20. Nxg5 Nf5 21. Rce1 Ng4 22. b4
Qc7 23. Nxe6 Qh2# {White checkmated} 0-1

[Event "Team 45 45 League T58"]
[Site "Internet Chess Club"]
[Date "2013.09.02"]
[Round "2"]
[White "Zyme"]
[Black "seattleblues"]
[Result "0-1"]
[WhiteElo "1386"]
[BlackElo "1460"]
[Opening "Nimzo-Indian defense"]
[ECO "E20"]
[Time "21:20:12"]
[TimeControl "2700+45"]

1. d4 Nf6 2. c4 e6 3. Nc3 Bb4 4. Bd2 O-O 5. a3 Bxc3 6. Bxc3 Ne4 7. Bb4 d6 8. Qc2
Nf6 9. Nf3 Nc6 10. Bd2 h6 11. e3 e5 12. dxe5 dxe5 13. Rd1 Bg4 14. Bc3 Qe7 15.
Be2 Nh7 16. O-O e4 17. Nd4 Nxd4 18. Rxd4 Bxe2 19. Qxe2 c5 20. Rd2 Ng5 21. Rfd1
Rfd8 22. Qg4 Rxd2 23. Rxd2 Rd8 24. Rxd8+ Qxd8 25. h4 Ne6 26. Qxe4 Qd1+ 27. Kh2
Qd6+ 28. g3 Qd7 29. Qd5 Qc8 30. Be5 b6 31. Qd6 Kh7 32. Kg2 Qb7+ 33. Qd5 Qc8 34.
Kf3 a6 35. Ke4 b5 36. cxb5 axb5 37. b3 Qe8 38. Kd3 c4+ 39. bxc4 bxc4+ 40. Kxc4
Qa4+ 41. Kd3 Qxa3+ 42. Bc3 Qa6+ 43. Qc4 Nc5+ 44. Kd4 Ne6+ 45. Ke5 Qxc4 {White
resigns} 0-1

[Event "Team 45 45 League T58"]
[Site "Internet Chess Club"]
[Date "2013.08.29"]
[Round "2"]
[White "akshayk06"]
[Black "Mitochondria"]
[Result "0-1"]
[WhiteElo "1543"]
[BlackElo "1468"]
[Opening "Sicilian: dragon, 6.Be3"]
[ECO "B72"]
[Time "14:00:16"]
[TimeControl "2700+45"]

1. e4 c5 2. Nf3 d6 3. d4 cxd4 4. Nxd4 Nf6 5. Nc3 g6 6. Be3 Bg7 7. f4 Qa5 8. Be2
Nxe4 9. Nb3 Bxc3+ 10. bxc3 Qxc3+ 11. Bd2 Nxd2 12. Nxd2 Nc6 13. O-O Bf5 14. Nf3
Qxc2 15. Qxc2 Bxc2 16. Bb5 a6 17. Bxc6+ bxc6 18. Nd4 Be4 19. Rfe1 Bd5 20. f5 Rb8
21. f6 e6 22. Rab1 O-O 23. a4 Rfc8 24. a5 c5 25. Ne2 Be4 26. Rb6 Rxb6 27. axb6
Bd3 28. Nc3 Rb8 29. Rd1 c4 30. Na4 d5 31. Rd2 d4 32. Kf2 e5 {White resigns} 0-1

[Event "Team 45 45 League T58"]
[Site "Internet Chess Club"]
[Date "2013.08.31"]
[Round "2"]
[White "chuckh2"]
[Black "Conjurer"]
[Result "0-1"]
[WhiteElo "1290"]
[BlackElo "1459"]
[Opening "King's Indian: London system"]
[ECO "A48"]
[Time "14:00:41"]
[TimeControl "2700+45"]

1. d4 Nf6 2. Nf3 g6 3. Bf4 Bg7 4. e3 O-O 5. h3 d6 6. Be2 c5 7. c3 Nbd7 8. Bh2
Re8 9. O-O e5 10. dxe5 Nxe5 11. Nxe5 dxe5 12. Qxd8 Rxd8 13. Bxe5 Be6 14. c4 Rd7
15. Nc3 Rad8 16. Rfd1 Ne8 17. Rxd7 Rxd7 18. Bxg7 Nxg7 19. Kf1 Nf5 20. b3 Kf8 21.
g3 Ne7 22. Ke1 Bxh3 23. g4 f5 24. gxf5 Bxf5 25. e4 Be6 26. Nd5 Nc6 27. Kd2 Nd4
28. Bd3 Kf7 29. Rh1 h5 30. Ke3 Bg4 31. Rf1 Bf3 32. Rg1 h4 33. Nf4 Rd6 34. Nh3
Bh5 35. Nf4 Nf3 36. Rg3 hxg3 37. fxg3 Ne5 38. Nd5 Ra6 39. Bb1 Ng4+ 40. Kf4 Nf2
41. e5 Nh3+ 42. Ke3 Re6 43. Ke4 Ng5+ 44. Kf4 Nf3 45. g4 Bxg4 46. Kxg4 Nxe5+ 47.
Kg5 Nf3+ 48. Kf4 Nd2 49. Bd3 Ra6 50. Nc3 Rf6+ 51. Ke3 Nf3 52. Ne4 Ne5 53. Be2
Rf5 54. Nd6+ Kf6 55. Nxf5 Kxf5 56. a3 a5 57. a4 g5 58. Bf1 Ng4+ 59. Ke2 Kf4 60.
Bg2 b6 61. Bc6 Ne5 62. Bb7 g4 63. Bd5 g3 64. Bg2 Ng4 65. Bc6 Ne3 66. Kd2 g2 67.
Bxg2 Nxg2 68. Kd3 Ne1+ 69. Kd2 Nf3+ 70. Kd3 Nd4 71. Kc3 Ke3 72. Kb2 Kd2 73. Kb1
Nxb3 74. Kb2 Nd4 75. Kb1 Kc3 76. Kc1 Kxc4 77. Kb2 Kb4 78. Ka2 c4 79. Kb2 c3+ 80.
Kc1 Kb3 81. Kb1 c2+ {White resigns} 0-1

[Event "Team 45 45 League T58"]
[Site "Internet Chess Club"]
[Date "2013.09.02"]
[Round "2"]
[White "ScotchYeti"]
[Black "zap2"]
[Result "0-1"]
[WhiteElo "1672"]
[BlackElo "1776"]
[Opening "Pirc defense"]
[ECO "B07"]
[Time "15:17:09"]
[TimeControl "2700+45"]

1. e4 d6 2. d4 Nf6 3. Nc3 e5 4. dxe5 dxe5 5. Qxd8+ Kxd8 6. Nf3 Bd6 7. Bg5 c6 8.
O-O-O Ke7 9. Nh4 g6 10. Bxf6+ Kxf6 11. Rxd6+ Ke7 12. Rd2 Be6 13. Be2 a5 14. a4
Nd7 15. h3 h5 16. Nf3 f6 17. Rdd1 Rhb8 18. Nd2 Nc5 19. Bc4 Bd7 20. Nb3 Ne6 21.
Bxe6 Bxe6 22. Nc5 Bc8 23. Rd2 b6 24. Nd3 g5 25. Nd1 h4 26. Ne3 Ra7 27. g3 hxg3
28. fxg3 Be6 29. h4 Rh8 30. Rdh2 g4 31. h5 Kf7 32. h6 Rh7 33. Nf2 Kg6 34. Nfxg4
Rad7 35. Nf5 Bxf5 36. exf5+ Kxf5 37. Rh4 Kg5 38. Ne3 Kg6 39. Nf5 Kxf5 40. Rf1+
Kg5 41. Rfh1 c5 42. Rh5+ Kg6 43. R5h4 Rd4 44. Rxd4 cxd4 45. Kd2 Rxh6 46. Rg1 e4
47. Rg2 f5 48. Ke2 Kg5 49. c3 d3+ 50. Ke3 Kg4 51. b4 Rc6 52. bxa5 bxa5 53. Rf2
Rxc3 54. Rf4+ Kg5 55. Rh4 Ra3 56. Rh8 Rxa4 57. Rg8+ Kh5 58. Rf8 Kg4 59. Rg8+ Kh3
60. Rf8 Kxg3 61. Rxf5 Ra1 {White resigns} 0-1

[Event "Team 45 45 League T58"]
[Site "Internet Chess Club"]
[Date "2013.08.30"]
[Round "2"]
[White "knightstormala"]
[Black "cBishop"]
[Result "0-1"]
[WhiteElo "1740"]
[BlackElo "1699"]
[Opening "QGD: 4.Bg5 Be7"]
[ECO "D53"]
[Time "11:04:19"]
[TimeControl "2700+45"]

1. c4 Nf6 2. d4 e6 3. Nc3 d5 4. Bg5 Be7 5. cxd5 exd5 6. Qc2 O-O 7. e3 h6 8. Bh4
Nc6 9. a3 Re8 10. Bd3 Bg4 11. f3 Bd7 12. Nge2 Rc8 13. O-O Be6 14. Bf2 a6 15. Nf4
Na5 16. Nxe6 fxe6 17. e4 c5 18. dxc5 d4 19. Na4 b5 20. b4 bxa4 21. bxa5 Qxa5 22.
Bxd4 Bxc5 23. Bxc5 Rxc5 24. Qa2 Kh8 25. Rac1 Rh5 26. Qe2 Qb6+ 27. Qf2 Qd6 28.
Be2 Qxh2# {White checkmated} 0-1

[Event "Team 45 45 League T58"]
[Site "Internet Chess Club"]
[Date "2013.09.02"]
[Round "2"]
[White "TwinsburgOHUSA"]
[Black "monkhammer"]
[Result "0-1"]
[WhiteElo "1417"]
[BlackElo "1651"]
[Opening "QGD: Tarrasch defense"]
[ECO "D32"]
[Time "19:00:09"]
[TimeControl "2700+45"]

1. d4 d5 2. c4 e6 3. Nc3 c5 4. Nf3 Nc6 5. Bg5 f6 6. Bh4 cxd4 7. Nxd4 Bb4 8. e3
Nge7 9. Be2 O-O 10. Qb3 Bxc3+ 11. Qxc3 e5 12. Nf3 Bf5 13. O-O Qb6 14. Rfd1 Rfd8
15. cxd5 Nxd5 16. Bc4 Be6 17. Qc2 Bf7 18. Rd2 Rac8 19. e4 Nf4 20. Rad1 Nd4 21.
Bxf7+ Kxf7 22. Qb1 Nxf3+ 23. gxf3 Rxd2 24. Rxd2 Rd8 25. Qc2 Rxd2 26. Qxd2 Qe6
27. Bg3 Nh3+ 28. Kg2 Ng5 29. f4 Qh3+ {White resigns} 0-1

[Event "Team 45 45 League T58"]
[Site "Internet Chess Club"]
[Date "2013.09.02"]
[Round "2"]
[White "tamky70"]
[Black "Gilguli"]
[Result "0-1"]
[WhiteElo "1389"]
[BlackElo "1462"]
[Opening "QGD: Albin counter-gambit, 5.g3"]
[ECO "D09"]
[Time "14:28:11"]
[TimeControl "2700+45"]

1. d4 d5 2. c4 e5 3. dxe5 d4 4. Nf3 Nc6 5. g3 Nge7 6. Bg2 Ng6 7. Bg5 Qd7 8. O-O
Ngxe5 9. Nxe5 Nxe5 10. Qb3 c6 11. Nd2 f6 12. Bf4 Bd6 13. Rac1 g5 14. Bxe5 Bxe5
15. Ne4 Qf7 16. f4 gxf4 17. gxf4 Bc7 18. c5 Qxb3 19. axb3 Rf8 20. Rcd1 Be6 21.
Nd6+ Bxd6 22. cxd6 O-O-O 23. Rxd4 Bxb3 24. Ra1 a6 25. Ra3 Be6 26. b4 Kd7 27. Rg3
Rg8 28. Kf2 Rxg3 29. hxg3 Bg4 30. e4 Re8 31. f5 Re5 32. Ke3 Bxf5 33. Bf3 Bh3 34.
Kf4 Re6 35. Bh5 Rxd6 36. Rc4 Be6 37. Rc2 Rd4 38. Rb2 Ke7 39. Ke3 Rc4 40. Bd1 Rc1
41. Rd2 Rb1 42. Rd4 b5 43. Kf4 Bc4 44. e5 fxe5+ 45. Kxe5 Rxb4 46. Bf3 c5 47. Rd6
Rb3 48. Rf6 Re3+ 49. Kf4 Rxf3+ 50. Kxf3 Kxf6 {White resigns} 0-1

[Event "Team 45 45 League T58"]
[Site "Internet Chess Club"]
[Date "2013.08.30"]
[Round "2"]
[White "RedAttack"]
[Black "mhavgar"]
[Result "1/2-1/2"]
[WhiteElo "1844"]
[BlackElo "1752"]
[Opening "Queen's pawn game"]
[ECO "D02"]
[Time "15:00:39"]
[TimeControl "2700+45"]

1. Nf3 d5 2. d4 c6 3. Nc3 Nf6 4. g3 Bf5 5. Bg2 h6 6. O-O e6 7. Nh4 Bh7 8. Re1
Be7 9. Nf3 Nbd7 10. Bf4 c5 11. Ne5 O-O 12. Nxd7 Qxd7 13. e3 Rac8 14. Rc1 cxd4
15. exd4 b5 16. Nb1 b4 17. c3 Bxb1 18. Rxb1 bxc3 19. bxc3 Rxc3 20. Qd2 Rfc8 21.
Rb2 Ba3 22. Rb8 Qc6 23. Reb1 Rxb8 24. Rxb8+ Kh7 25. Rb1 Rc2 26. Qd3+ Ne4 27.
Bxe4+ dxe4 28. Qxa3 Rxf2 29. Rc1 Rc2 30. Rxc2 Qxc2 31. Qxa7 Qd1+ 32. Kg2 Qf3+
33. Kg1 Qd1+ 34. Kg2 Qf3+ 35. Kg1 e3 36. Bxe3 Qxe3+ 37. Kg2 {Game drawn by
mutual agreement} 1/2-1/2

[Event "Team 45 45 League T58"]
[Site "Internet Chess Club"]
[Date "2013.09.01"]
[Round "2"]
[White "burnsy"]
[Black "OneDirection"]
[Result "0-1"]
[WhiteElo "1498"]
[BlackElo "1477"]
[Opening "Queen's pawn game"]
[ECO "D02"]
[Time "19:20:45"]
[TimeControl "2700+45"]

1. Nf3 d5 2. d4 Bf5 3. c4 e6 4. Nc3 Nf6 5. Bg5 Be7 6. Nh4 Bg6 7. Nxg6 hxg6 8. c5
Nbd7 9. Qb3 b6 10. cxb6 axb6 11. e3 c5 12. dxc5 bxc5 13. Bb5 c4 14. Qc2 O-O 15.
h4 Ng4 16. Bxe7 Qxe7 17. h5 Nc5 18. O-O-O Nd3+ 19. Rxd3 cxd3 20. Bxd3 Qb7 21.
Qe2 Ne5 22. hxg6 fxg6 23. Bc2 Qa6 24. Qxa6 Rxa6 25. f4 Ng4 26. Bxg6 Nxe3 27. g3
Rc8 28. Kb1 Rb6 29. Bh7+ Kf7 30. Na4 Rb4 31. b3 Nc4 32. Nb2 Nd2+ 33. Ka1 Ra8 34.
Bc2 Nxb3+ 35. Bxb3 Rxb3 36. Kb1 Rxg3 37. Rf1 Rb8 38. Rf2 Rg1+ 39. Kc2 Ra1 40. a4
Ra2 41. Kb1 Rxa4 42. Kc1 Ra1+ 43. Kc2 Ra2 44. Kb1 Raxb2+ 45. Rxb2 Rxb2+ 46. Kxb2
Kf6 47. Kc2 Kf5 48. Kd2 Kxf4 49. Ke2 g5 50. Kf2 g4 51. Kf1 g3 52. Ke2 d4 53. Kf1
d3 {White resigns} 0-1